 Dungeon Crawl Stone Soup version 0.19.0-24-gb05acd6 (webtiles) character file.

398 SaltIsReal the Cruncher (level 6, -6/51 HPs)
             Began as a Minotaur Gladiator on Nov 21, 2016.
             Mangled by an ogre
             ... wielding a +0 giant club
              (26 damage)
             ... on level 4 of the Dungeon.
             The game lasted 00:08:05 (2584 turns).

SaltIsReal the Cruncher (Minotaur Gladiator)        Turns: 2584, Time: 00:08:06

Health: -6/51      AC: 13    Str: 20    XL:     6   Next: 53%
Magic:  5/5        EV:  7    Int:  5    God:
Gold:   175        SH:  0    Dex: 12    Spells: 0 memorised, 5 levels left

rFire  . . .     SeeInvis .     a - +0 quarterstaff
rCold  . . .     Gourm    .     i - +0 plate armour
rNeg   . . .     Faith    .     (shield currently unavailable)
rPois  .         Spirit   .     c - +0 hat
rElec  .         Reflect  .     w - +0 cloak
rCorr  .         Harm     .     q - +0 pair of gloves
MR     .....                    y - +0 pair of boots
Stlth  ..........               (no amulet)
                                (no ring)
                                h - ring of flight

@: no status effects
A: retaliatory headbutt, horns 2
a: Evoke Flight


You were on level 4 of the Dungeon.
You were not hungry.

You visited 1 branch of the dungeon, and saw 4 of its levels.

You collected 175 gold pieces.

Inventory:

Hand Weapons
 a - a +0 quarterstaff (weapon)
 x - a +1 whip of pain
Armour
 c - a +0 hat (worn)
 i - a +0 plate armour (worn)
 q - a +0 pair of gloves (worn)
 w - a +0 cloak (worn)
 y - a +0 pair of boots (worn)
Jewellery
 h - a ring of flight (left hand)
 o - an uncursed ring of fire
Scrolls
 n - 3 scrolls of remove curse
 u - a scroll of teleportation
Potions
 b - 2 potions of berserk rage
 e - 4 potions of curing
 j - 2 potions of haste
 m - 4 potions of degeneration
 t - a potion of might
 v - a potion of mutation {unknown}
 z - a potion of agility {unknown}
 A - a potion of lignification {unknown}
Comestibles
 f - 2 bread rations
 k - 2 beef jerkies
 l - a slice of pizza
 r - 2 fruits


   Skills:
 + Level 3.1 Fighting
 * Level 8.5 Staves
 - Level 2.0 Throwing
 + Level 1.6 Armour
 - Level 3.2 Dodging


You had 5 spell levels left.
You didn't know any spells.

Dungeon Overview and Level Annotations

Branches:
Dungeon (4/15)
 Temple: D:4-7

Altars:
Dithmenos
Hepliaklqana
Kikubaaqudgha
Qazlal
The Shining One


Innate Abilities, Weirdness & Mutations

You reflexively headbutt those who attack you in melee.
You have a pair of horns on your head.


Message History

You sock the ogre!
You headbutt the ogre, but do no damage.
The ogre is moderately wounded.
The ogre hits you but does no damage.
You hit the ogre.
The ogre is moderately wounded.
The ogre hits you with a giant club!
The orc wizard shouts!
You thump the ogre!
The ogre is severely wounded.
You barely miss the ogre. You headbutt the ogre.
The ogre is severely wounded.
The ogre hits you with a giant club!!
A worker ant comes into view.
The worker ant twitches its antennae in your direction.
You hit the ogre.
The ogre is almost dead.
The ogre hits you with a giant club!!
Ouch! That really hurt!
You die...

...................#
...............>...#
......####.####.#...
......####'####.#...
......#.........##.##
...<..#.#......?##..+
o ......#
#.......##..# ...
......#
#.......##).#.....
......#
#......)@Oo..o(...
......#
##...#####.a......
......# #...#
#.#.#+### ......#
##### #.#.# ......#
#.# . ###+### #.. ..
### ##


You could see an ogre, a worker ant, an orc wizard and an orc.

Vanquished Creatures
  A necrophage (D:4)
  An ogre (D:2)
  A howler monkey (D:4)
  The ghost of Kikal the Chiller, a weakling FeIE (D:3)
  7 adders
  An ooze (D:3)
  3 worms
  A dart slug (D:1)
  2 leopard geckos
  5 orcs (D:4)
  4 ball pythons
  7 bats
  3 giant cockroaches
  11 goblins
  11 hobgoblins
  8 kobolds
  A quokka (D:3)
  5 frilled lizards
  A jackal skeleton (D:4)
  A leopard gecko skeleton (D:4)
  5 rats
80 creatures vanquished.

Notes
Turn   | Place    | Note
-------+----------+-------------------------------------------
     0 | D:1      | SaltIsReal the Minotaur Gladiator began the quest for the Orb.
     0 | D:1      | Reached XP level 1. HP: 18/18 MP: 0/0
    46 | D:1      | Reached skill level 4 in Staves
    82 | D:1      | Reached XP level 2. HP: 25/25 MP: 1/1
    97 | D:1      | Found a glowing golden altar of the Shining One.
   500 | D:2      | Reached skill level 5 in Staves
   500 | D:2      | Reached XP level 3. HP: 24/30 MP: 2/2
  1081 | D:2      | Reached XP level 4. HP: 37/37 MP: 3/3
  1137 | D:2      | Reached skill level 6 in Staves
  1347 | D:3      | Noticed Kikal's ghost (weakling FeIE)
  1411 | D:2      | Noticed an ogre
  1422 | D:2      | Killed an ogre
  1422 | D:2      | Reached skill level 7 in Staves
  1422 | D:2      | Reached XP level 5. HP: 42/42 MP: 4/4
  1473 | D:3      | Found a shadowy altar of Dithmenos.
  1551 | D:3      | Found an ancient bone altar of Kikubaaqudgha.
  1820 | D:3      | Found a faded altar of an unknown god.
  1820 | D:3      | Found a faded altar of an unknown god.
  1826 | D:3      | Found a faded altar of an unknown god.
  1832 | D:3      | Killed Kikal's ghost
  1834 | D:3      | Found a hazy altar of Hepliaklqana.
  1835 | D:3      | Found a faded altar of an unknown god.
  1938 | D:3      | Reached skill level 8 in Staves
  2122 | D:3      | Noticed a water elemental
  2124 | D:3      | Found a stormy altar of Qazlal.
  2125 | D:3      | Noticed a fire elemental
  2125 | D:3      | Noticed an air elemental
  2330 | D:4      | Reached XP level 6. HP: 36/50 MP: 5/5
  2551 | D:4      | Reached skill level 1 in Armour
  2584 | D:4      | Mangled by an ogre

Skill      XL: |  1  2  3  4  5  6 |
---------------+-------------------+-----
Staves         | 4 5 7 8 |  8.5
Fighting       | 3 |  3.1
Armour         | 1 |  1.6
Throwing       | |  2.0
Dodging        | |  3.2

Action                   |  1- 3 |  4- 6 || total
-------------------------+-------+-------++-------
Melee: Quarterstaff      |    98 |   111 ||   209
       Headbutt          |    12 |    20 ||    32
Throw: Throwing net      |       |     5 ||     5
  Use: Scroll            |     1 |     9 ||    10
  Eat: Chunk             |     1 |     4 ||     5
Armor: Leather armour    |     2 |       ||     2
       Plate armour      |    65 |    69 ||   134
Dodge: Dodged            |    42 |    36 ||    78
